 Dungeon Crawl Stone Soup version 0.17-a0-18-gc25b939 (webtiles) character file.

246 Chiseanne the Charlatan (level 5, -1/39 HPs)
             Began as a Demonspawn Artificer on Mar 10, 2015.
             Was a Believer of Cheibriados.
             Killed by nerve-wracking pain
             ... invoked by an orc priest
              (13 damage)
             ... on level 4 of the Dungeon.
             The game lasted 00:09:34 (4526 turns).

Chiseanne the Charlatan (Demonspawn Artificer)      Turns: 4526, Time: 00:09:34

Health: -1/39      AC: 12    Str: 17    XL:     5   Next: 84%
Magic:  8/8        EV: 13    Int: 17    God:    Cheibriados [**....]
Gold:   111        SH:  3    Dex: 17    Spells: 0 memorised, 4 levels left

rFire  . . .     SeeInvis .     a - +0 flail
rCold  . . .     Clarity  .     r - +0 ring mail
rNeg   . . .     SustAb   .     (no shield)
rPois  .         Gourm    .     n - +1 helmet
rElec  .         Spirit   .     (no cloak)
rCorr  .         Warding  .     (no gloves)
rMut   .         Stasis   .     m - +1 pair of boots
MR     .....                    (no amulet)
Stlth  +.........               (no ring)
                                w - -2 ring of slaying (curse)

@: very slow, not resistant to hostile enchantments, very unstealthy
A: hooves 1, large bone plates 2, powered by pain 1
a: Bend Time, Renounce Religion


You were on level 4 of the Dungeon.
You worshipped Cheibriados.
Cheibriados was pleased with you.
You were very hungry.

You visited 1 branch of the dungeon, and saw 4 of its levels.

You collected 111 gold pieces.

Inventory:

Hand weapons
 a - a +0 flail (weapon)
Missiles
 i - 7 bolts of frost
 j - 62 bolts
 k - 22 arrows
 o - 14 sling bullets
Armour
 m - a +1 pair of boots (worn)
 n - a +1 helmet (worn)
 r - a +0 ring mail (worn)
Jewellery
 w - a cursed -2 ring of slaying (left hand)
Magical devices
 b - a wand of flame (15)
 c - a wand of enslavement (14)
Scrolls
 h - 2 scrolls of teleportation
Potions
 e - 2 potions of cancellation
 f - a potion of restore abilities
 l - 3 potions of curing
 p - a potion of flight
 q - a potion of ambrosia {unknown}
 s - a potion of resistance {unknown}
Comestibles
 g - 2 meat rations
 t - a slice of pizza
 u - a bread ration
 v - 5 fruits


   Skills:
 * Level 2.3 Fighting
   Level 0.8 Short Blades
 * Level 1.2 Armour
 * Level 3.9 Dodging
 - Level 0.8 Stealth
 * Level 4.6 Evocations


You had 4 spell levels left.
You didn't know any spells.

Dungeon Overview and Level Annotations

Branches:
Dungeon (4/15)
 Temple: D:4-7

Altars:
Cheibriados
Elyvilon
Makhleb
Trog
Yredelemnul

Annotations:
D:3 Antondotnet's ghost, average DECj


Innate Abilities, Weirdness & Mutations

You have large cloven feet.
You are mostly covered in large bone plates (AC +3, SH +3).
You sometimes gain a little power by taking damage.


Message History

You hit the orc.
You kill the orc!
Cheibriados thoroughly appreciates the change of pace.
The orc priest mumbles some strange prayers to Beogh against you.
Something smites you!
A worker ant comes into view.
The worker ant twitches its antennae in your direction.
Things that are here:
a hand axe; a ring mail The orc priest invokes the aid of Beogh against you.
Pain shoots through your body! The worker ant bites you.
The orc wizard's eyes start to glow.
You closely miss the orc priest.
The worker ant bites you but does no damage.
The orc priest closely misses you. The worker ant bites you.
The orc wizard gestures wildly while chanting.
The orc wizard seems to speed up.
The orc priest invokes the aid of Beogh against you.
Pain shoots through your body!
You die...

#....###.....
##.<.....^... .#
##.......... ...#
##.......##
#...########......###
#.................#
#....o..........##
#....oa.........##
#....@####.......###
#.....))..((........
#..................?.
...................##
......##############
...## ..


You could see a worker ant, an orc priest and an orc wizard.

Vanquished Creatures
  A giant frog skeleton (D:3)
  An orc wizard (D:2)
  A worker ant (D:3)
  7 adders
  A shadow imp (D:4)
  2 worms
  A giant mite (D:2)
  3 giant geckos
  An ooze (D:2)
  7 orcs
  8 hobgoblins
  3 jackals
  2 quokkas (D:3)
  7 bats
  2 giant cockroaches
  3 giant newts
  8 goblins
  11 kobolds
  5 rats
74 creatures vanquished.

Vanquished Creatures (collateral kills)
  2 jackals (D:2)
2 creatures vanquished.

Grand Total: 76 creatures vanquished

Notes
Turn   | Place    | Note
--------------------------------------------------------------
     0 | D:1      | Chiseanne, the Demonspawn Artificer, began the quest for the Orb.
     0 | D:1      | Reached XP level 1. HP: 15/15 MP: 1/1
   604 | D:1      | Gained mutation: You have large cloven feet. [demonic ancestry]
   604 | D:1      | Reached XP level 2. HP: 19/21 MP: 3/3
  1472 | D:2      | Reached skill level 4 in Evocations
  1472 | D:2      | Gained mutation: You are partially covered in large bone plates (AC +2, SH +2). [demonic ancestry]
  1472 | D:2      | Reached XP level 3. HP: 19/26 MP: 5/5
  1733 | D:2      | Found a white marble altar of Elyvilon.
  2327 | D:2      | Gained mutation: You are mostly covered in large bone plates (AC +3, SH +3). [demonic ancestry]
  2327 | D:2      | Reached XP level 4. HP: 32/32 MP: 6/6
  2476 | D:2      | Found a basalt altar of Yredelemnul.
  2477 | D:2      | Found a snail-covered altar of Cheibriados.
  2482 | D:2      | Became a worshipper of Cheibriados the Contemplative
  2730 | D:3      | Noticed Antondotnet's ghost (average DECj)
  3070 | D:3      | Found a burning altar of Makhleb.
  3445 | D:3      | Found a bloodstained altar of Trog.
  3480 | D:3      | Acquired Cheibriados' first power
  3616 | D:2      | Gained mutation: You sometimes gain a little power by taking damage. [demonic ancestry]
  3616 | D:2      | Reached XP level 5. HP: 28/38 MP: 8/8
  3934 | D:2      | Reached skill level 1 in Armour
  4151 | D:3      | HP: 1/38 [Antondotnet's ghost/magic dart (6)]
  4526 | D:4      | Killed from afar by an orc priest

Action                   |  1- 3 |  4- 6 || total
-------------------------+-------+-------++-------
Melee: Short sword       |   168 |    68 ||   236
       Flail             |       |   121 ||   121
Evoke: Wand              |       |     1 ||     1
  Use: Scroll            |     5 |     3 ||     8
       Potion            |       |     1 ||     1
  Eat: Chunk             |     2 |     3 ||     5
       Bread ration      |     1 |       ||     1
